 Dungeon Crawl Stone Soup version 0.19.5 (webtiles) character file.

3224 Hybris the Basher (level 9, -1/62 (63) HPs)
             Began as a Demonspawn Berserker on Mar 28, 2017.
             Was an Elder of Trog.
             Slain by a wight
             ... wielding a +0 dire flail
              (3 damage)
             ... on level 7 of the Dungeon on Mar 29, 2017.
             The game lasted 00:31:18 (9621 turns).

Hybris the Basher (Demonspawn Berserker)            Turns: 9621, Time: 00:31:19

HP:   -1/62 (63)    AC:  9    Str: 22 (23) XL:     9   Next: 66%
MP:   0/9           EV:  8    Int:  7 (9)  God:    Trog [****..]
Gold: 186           SH:  0    Dex: 15 (16) Spells: 0 memorised, 8 levels left

rFire  + . .     SeeInvis .     b - +1 whip (venom)
rCold  . . .     Gourm    .     l - +1 chain mail
rNeg   . . .     Faith    .     (no shield)
rPois  .         Spirit   +     (helmet restricted)
rElec  .         Reflect  .     (no cloak)
rCorr  .         Harm     .     (no gloves)
MR     .....                    (no boots)
Stlth  ..........               (no amulet)
                                y - ring of flight
                                d - +4 ring of dexterity

@: confused, exhausted, slowed, drained, invisible, very slow
A: horns 2, fire resistance 1, strong 1, magic shield, magic regeneration
a: Berserk, Trog's Hand, Brothers in Arms, Burn Spellbooks, Renounce Religion,
Evoke Flight


You were on level 7 of the Dungeon.
You worshipped Trog.
Trog was greatly pleased with you.
You were near starving.

You visited 1 branch of the dungeon, and saw 7 of its levels.

You collected 252 gold pieces.
You spent 66 gold pieces at shops.

Inventory:

Hand Weapons
 a - a +0 mace of electrocution
 b - a +1 whip of venom (weapon)
 u - a +1 antimagic whip
Armour
 l - a +1 chain mail (worn)
 p - the cursed +0 robe of the Moon {+Inv rF- Int+3 Dex+4}
   (You found it on level 6 of the Dungeon)

   It affects your intelligence (+3).
   It affects your dexterity (+4).
   It makes you vulnerable to fire.
   It lets you turn invisible.
   It has a curse placed upon it.
 x - a +0 leather armour of cold resistance
Jewellery
 d - a +4 ring of dexterity (left hand)
 y - a ring of flight (right hand)
Wands
 w - a wand of random effects (36/48)
Scrolls
 h - 2 scrolls of teleportation
 i - a scroll of enchant armour
 j - 2 scrolls of brand weapon
 k - 4 scrolls of identify
 m - a scroll of immolation {unknown}
 o - a scroll of fear
 q - 2 scrolls of noise
 r - a scroll of torment {unknown}
 t - a scroll of remove curse
 C - a scroll of enchant weapon {unknown}
Potions
 e - 2 potions of flight
 s - a potion of magic {unknown}
 v - a potion of degeneration
 B - a potion of cancellation {unknown}
Comestibles
 c - 3 bread rations


   Skills:
 - Level 3.0(2.2) Fighting
 + Level 12.5(11.5) Maces & Flails
 - Level 1.7(1.0) Armour
 - Level 1.7(1.0) Dodging


You had 8 spell levels left.
You didn't know any spells.

Dungeon Overview and Level Annotations

Branches:
Dungeon (7/15)
 Temple: D:4-7

Altars:
Ashenzari
Dithmenos
Elyvilon
Kikubaaqudgha
Makhleb
Sif Muna
Trog
Vehumet
Xom
Zin
The Shining One

Shops:
D:2 *   D:6 ?


Innate Abilities, Weirdness & Mutations

You have a pair of horns on your head.
Your flesh is heat resistant. (rF+)
When hurt, damage is shared between your health and your magic reserves.
You regenerate magic rapidly.
Your muscles are strong. (Str +2)


Message History

The wight hits you with a dire flail!
* * * LOW HITPOINT WARNING * * *
You feel drained.
* * * LOW HITPOINT WARNING * * *
Something hits you but does no damage.
It was a potion of cure mutation.
It has a very clean taste.
The wight barely misses you. Something hits you but does no damage.
The wight barely misses you.
It was a potion of beneficial mutation.
You feel stronger.
You feel fantastic!
You hear some strange, mumbled words.
A magic dart appears from out of thin air!
The magic dart hits you!
* * * LOW HITPOINT WARNING * * *
The wight closely misses you. Something hits you but does no damage.
It was a potion of invisibility.
You fade into invisibility!
The wight hits you with a dire flail.
You die...

.. .. .
## .##
###. #.#
... #.#
#.## ##.#
##.###.##
#..{@)##
#>##z##
... #.#
...). #.#
.....<#
..#
#.....
###
#.....
#.<...


You could see a wight.

Vanquished Creatures
  An ugly thing (D:6)
  Eustachio (D:6)
  Menkaure (D:6)
  A water moccasin (D:6)
  3 ice beasts (D:6)
  An orc warrior (D:6)
  An eye of draining (D:6)
  5 ogres
  A black bear (D:5)
  A necrophage (D:7)
  A centaur (D:6)
  A bullfrog (D:6)
  A wyvern skeleton (D:4)
  A water moccasin skeleton (D:4)
  3 jellies (D:5)
  5 wights
  2 crimson imps
  A bullfrog zombie (D:5)
  A quasit (D:6)
  A bullfrog skeleton (D:4)
  3 hounds
  A centaur skeleton (D:5)
  An orc priest (D:5)
  4 orc wizards (D:4)
  3 iguanas
  5 worker ants
  A hound skeleton (D:6)
  2 gnolls (D:6)
  7 adders
  A shadow imp (D:5)
  2 adder skeletons
  2 worms (D:3)
  2 dart slugs
  3 leopard geckos
  23 orcs
  A ball python (D:1)
  4 bats
  4 giant cockroaches
  2 goblins
  7 hobgoblins
  7 jackals
  4 quokkas
  5 frilled lizards
  7 kobolds
  10 rats
144 creatures vanquished.

Notes
Turn   | Place    | Note
-------+----------+-------------------------------------------
     0 | D:1      | Hybris the Demonspawn Berserker began the quest for the Orb.
     0 | D:1      | Reached XP level 1. HP: 18/18 MP: 1/1
    62 | D:1      | Reached skill level 3 in Maces & Flails
   242 | D:1      | Gained mutation: You have a pair of small horns on your head. [demonic ancestry]
   242 | D:1      | Reached XP level 2. HP: 6/24 MP: 2/2
  1246 | D:2      | Found Zin's Purification Station.
  1250 | D:2      | Found a glowing silver altar of Zin.
  1314 | D:2      | Gained mutation: When hurt, damage is shared between your health and your magic reserves. [demonic ancestry]
  1314 | D:2      | Reached XP level 3. HP: 21/29 MP: 3/3
  1360 | D:2      | Reached ** piety under Trog
  1613 | D:2      | Found a shimmering altar of Xom.
  1809 | D:2      | Reached skill level 4 in Maces & Flails
  2528 | D:3      | Found a burning altar of Makhleb.
  2533 | D:3      | Found a radiant altar of Vehumet.
  2550 | D:3      | Reached XP level 4. HP: 26/35 MP: 4/4
  2754 | D:3      | Reached skill level 5 in Maces & Flails
  2850 | D:3      | Found a deep blue altar of Sif Muna.
  3017 | D:4      | Reached XP level 5. HP: 12/41 MP: 2/5
  3466 | D:4      | Reached skill level 6 in Maces & Flails
  3703 | D:4      | Reached XP level 6. HP: 30/47 MP: 4/6
  4224 | D:4      | Found an ancient bone altar of Kikubaaqudgha.
  4295 | D:4      | Found a shattered altar of Ashenzari.
  4523 | D:4      | Reached skill level 7 in Maces & Flails
  4923 | D:4      | Gained mutation: You have a pair of horns on your head. [demonic ancestry]
  4923 | D:4      | Reached XP level 7. HP: 46/52 MP: 4/7
  4999 | D:5      | Entered Level 5 of the Dungeon
  5040 | D:5      | Reached *** piety under Trog
  5040 | D:5      | Reached skill level 8 in Maces & Flails
  5748 | D:5      | Found a faded altar of an unknown god.
  5748 | D:5      | Found a faded altar of an unknown god.
  5763 | D:5      | Reached skill level 9 in Maces & Flails
  5763 | D:5      | Gained mutation: Your flesh is heat resistant. (rF+) [demonic ancestry]
  5763 | D:5      | Reached XP level 8. HP: 20/58 MP: 4/8
  6457 | D:5      | Found a faded altar of an unknown god.
  6459 | D:5      | Found a faded altar of an unknown god.
  6460 | D:5      | Found a white marble altar of Elyvilon.
  6489 | D:6      | Found Ypawnof's Magic Scroll Emporium.
  6545 | D:6      | Bought a scroll of remove curse for 33 gold pieces
  6545 | D:6      | Bought a scroll of remove curse for 33 gold pieces
  6587 | D:6      | Reached skill level 10 in Maces & Flails
  6649 | D:6      | Found a shadowy altar of Dithmenos.
  6914 | D:6      | Noticed a cyan ugly thing
  6940 | D:6      | Killed a cyan ugly thing
  6940 | D:6      | Reached skill level 11 in Maces & Flails
  6940 | D:6      | Gained mutation: You regenerate magic rapidly. [demonic ancestry]
  6940 | D:6      | Reached XP level 9. HP: 35/63 MP: 4/9
  7263 | D:6      | Got a creamy pearl robe
  7264 | D:6      | Identified the cursed +0 robe of the Moon {+Inv rF- Int+3 Dex+4} (You found it on level 6 of the Dungeon)
  7277 | D:6      | Found a bloodstained altar of Trog.
  7571 | D:6      | Noticed Eustachio
  7581 | D:6      | Killed Eustachio
  7766 | D:6      | Found a glowing golden altar of the Shining One.
  7980 | D:6      | Reached **** piety under Trog
  8539 | D:6      | Reached skill level 12 in Maces & Flails
  8851 | D:6      | Noticed Menkaure
  8861 | D:6      | Killed Menkaure
  9620 | D:7      | Gained mutation: Your muscles are strong. (Str +2) [potion of beneficial mutation]
  9620 | D:7      | HP: 1/62 [something/magic dart (4)]
  9621 | D:7      | Slain by a wight

Skill      XL: |  1  2  3  4  5  6  7  8  9 |
---------------+----------------------------+-----
Maces & Flails | 3 4 5 6 7 9 11 12 | 12.5
Fighting       | |  3.0
Armour         | |  1.7
Dodging        | |  1.7

Action                   |  1- 3 |  4- 6 |  7- 9 || total
-------------------------+-------+-------+-------++-------
Melee: Mace              |   120 |   104 |    55 ||   279
       Headbutt          |    14 |    35 |    83 ||   132
       Whip              |       |       |   298 ||   298
Invok: Berserk           |     1 |     3 |     5 ||     9
       Trog's Hand       |       |     1 |     3 ||     4
       Burn Spellbooks   |       |       |     1 ||     1
  Use: Scroll            |     1 |     2 |     6 ||     9
       Potion            |       |     1 |     6 ||     7
 Stab: Sleeping          |     2 |     2 |       ||     4
       Distracted        |       |     1 |       ||     1
  Eat: Chunk             |     6 |     5 |    14 ||    25
       Bread ration      |       |     1 |     1 ||     2
       Pizza             |       |       |     1 ||     1
Armor: Animal skin       |    20 |     3 |       ||    23
       Chain mail        |       |    22 |   107 ||   129
       Skin              |       |       |    17 ||    17
Dodge: Dodged            |    74 |    48 |   110 ||   232
